 Dungeon Crawl Stone Soup version 0.21.1-1-g345015f (webtiles) character file.

263 inc the Covert (level 5, -9/23 HPs)
             Began as a Felid Enchanter on Feb 25, 2018.
             Hit by a javelin of penetration thrown by an orc warrior (18 damage)
             ... on level 6 of the Dungeon.
             The game lasted 00:13:11 (4419 turns).

inc the Covert (Felid Enchanter)                    Turns: 4419, Time: 00:13:11

Health: -9/23      AC:  3    Str:  2 (4)  XL:     5   Next: 98%
Magic:  6/9        EV: 17    Int: 16 (18) God:
Gold:   174        SH:  0    Dex: 14 (16) Spells: 2/8 levels left
                                        Lives:  0   Deaths: 1

rFire    . . .     SeeInvis +     - Unarmed
rCold    + . .     Gourm    .   (shield unavailable)
rNeg     . . .     Faith    .   (armour unavailable)
rPois    .         Spirit   .   (helmet unavailable)
rElec    .         Reflect  .   (cloak unavailable)
rCorr    .         Harm     .   (gloves unavailable)
MR       .....                  (boots unavailable)
Stlth    ++++......             (no amulet)
HPRegen  0.07/turn              (no ring)
MPRegen  0.11/turn              (no ring)

@: quick
A: very small, no armour, no weapons or thrown items, stealth, claws 1, fangs 3,
horns 1, molten scales 1, see invisible, carnivore, cold resistance 1, speed 1,
robust 1, shaggy fur 1, slow metabolism 1, sharp paws
a: no special abilities


You were on level 6 of the Dungeon.
You were not hungry.

You visited 1 branch of the dungeon, and saw 6 of its levels.

You collected 174 gold pieces.

Inventory:

Jewellery
 p - a cursed -3 ring of intelligence {unknown}
Wands
 o - a wand of iceblast (5)
Scrolls
 d - a scroll of identify
Potions
 g - a potion of mutation
 i - a potion of cancellation
 m - a potion of agility
Books
 a - a book of Maledictions

   Spells                             Type                      Level
   a - Corona                         Hexes                        1
   b - Ensorcelled Hibernation        Hexes/Ice                    2
   c - Confuse                        Hexes                        3
   d - Tukima's Dance                 Hexes                        3
   e - Dazzling Spray                 Conjuration/Hexes            3
Comestibles
 b - 8 rations


   Skills:
 - Level 2.6 Dodging
 - Level 9.1 Stealth
 + Level 3.0 Unarmed Combat
 - Level 2.0 Spellcasting
 - Level 4.4 Hexes
 - Level 0.1 Ice Magic


You had 2 spell levels left.
You knew the following spells:

 Your Spells              Type           Power        Failure   Level  Hunger
a - Corona                Hex            ###....      3%          1    #......
b - Ensorcelled Hibernat  Hex/Ice        #.....       12%         2    ###....
c - Confuse               Hex            ###.....     10%         3    ###....


Dungeon Overview and Level Annotations

Branches:
Dungeon (6/15)
 Temple: D:4-7

Altars:

Shops:
D:6 (

Annotations:
D:3 ceb's ghost, amateur DsFi
D:4 Edmund; Ijyb


Innate Abilities, Weirdness & Mutations

You cannot wear armour.
You are incapable of wielding weapons or throwing items.
Your paws allow you to move quietly. (Stealth)
You have sharp claws.
You have razor-sharp teeth.
You have supernaturally acute eyesight. (SInv)
You are carnivorous and can eat meat at any time.
You cover ground quickly.
You are covered in fur. (AC +1)
You have a slow metabolism.
Your sharp claws are effective at attacking unaware monsters.
You have a pair of small horns on your head.
You are partially covered in molten scales. (AC +2)
Your flesh is cold resistant. (rC+)
You are robust. (+10% HP)


Message History

The worker ant zombie is heavily damaged.
The worker ant zombie bites you.
You scratch the worker ant zombie but do no damage.
You headbutt the worker ant zombie.
The worker ant zombie is severely damaged.
The worker ant zombie bites you but does no damage.
You barely miss the worker ant zombie.
The worker ant zombie is severely damaged.
The worker ant zombie misses you.
You scratch the worker ant zombie but do no damage.
You claw the worker ant zombie.
The worker ant zombie is severely damaged.
Your surroundings suddenly seem different.
The orc warrior throws a javelin of penetration.
The javelin of penetration completely misses you.
The orc wizard closely misses you.
The orc warrior throws a javelin of penetration.
The javelin of penetration pierces through you!!
Ouch! That really hurt!
You die...

.##..<.......# *,,,*
.###'###'###o# *,,,, .###.###.#
#.# *,,,,
.......#.###'################,,,,
####.#.#.#..........#........,,,,
####.#.#.#....o..............,,,,
...#.#.#.#....o..............,,,,
##.#.#.#.#.........(........,,,,,
#.#.#.#.#..h..>@...$.?..##******
#.#...#.#..o....o........# *
#.#.#.#....(..รท......$...# *
#.#.#.#......(...........# *
#.#........#+######......## *
#.###.#....#,* #.......# *
#.###.#....#,* ##......# *
#.......####,* #......# *
#####.### *,* ##(....#


You could see an orc warrior, a howler monkey (wandering), an orc wizard and 2
orcs.

Vanquished Creatures
  A howler monkey (D:4)
  A crimson imp (D:6)
  A centaur zombie (D:5)
  A centaur skeleton (D:4)
  An orc wizard (D:5)
  An iguana (D:2)
  A worker ant (D:5)
  3 adders
  4 gnolls (D:4)
  2 oozes
  An adder skeleton (D:6)
  4 worms
  A dart slug (D:3)
  3 leopard geckos
  3 orcs
  A giant cockroach (D:1)
  2 goblins
  3 hobgoblins
  6 kobolds
  3 quokkas
  6 bats
  4 frilled lizards
  5 rats (D:2)
58 creatures vanquished.

Notes
Turn   | Place    | Note
-------+----------+-------------------------------------------
     0 | D:1      | inc the Felid Enchanter began the quest for the Orb.
     0 | D:1      | Reached XP level 1. HP: 7/7 MP: 4/4
   466 | D:1      | Reached XP level 2. HP: 11/11 MP: 6/6
  1330 | D:3      | Learned a level 2 spell: Ensorcelled Hibernation
  1391 | D:3      | Reached XP level 3. HP: 14/14 MP: 7/7
  1617 | D:3      | Noticed ceb's ghost (amateur DsFi)
  1828 | D:2      | Reached skill level 5 in Stealth
  2136 | D:2      | Reached XP level 4. HP: 18/18 MP: 8/8
  2446 | D:3      | Learned a level 3 spell: Confuse
  2522 | D:4      | Reached skill level 6 in Stealth
  2716 | D:4      | Reached skill level 7 in Stealth
  2716 | D:4      | Reached XP level 5. HP: 21/21 MP: 4/9
  2722 | D:4      | Noticed Edmund
  3038 | D:4      | Noticed Ijyb
  3087 | D:5      | Entered Level 5 of the Dungeon
  3106 | D:5      | Gained mutation: You are robust. (+10% HP) [potion of mutation]
  3106 | D:5      | Gained mutation: You have a pair of small horns on your head. [potion of mutation]
  3106 | D:5      | Gained mutation: You are partially covered in molten scales. (AC +2) [potion of mutation]
  3106 | D:5      | Gained mutation: Your flesh is cold resistant. (rC+) [potion of mutation]
  3114 | D:5      | Slain by a bullfrog skeleton
  3115 | D:5      | Reached XP level 4. HP: -1/19 MP: 2/8
  3794 | D:5      | Reached skill level 8 in Stealth
  3794 | D:5      | Reached XP level 5. HP: 23/23 MP: 3/9
  4040 | D:6      | Found Wuer Zij's Weapon Emporium.
  4139 | D:6      | Reached skill level 9 in Stealth
  4282 | D:6      | Noticed an orc warrior
  4343 | D:6      | Noticed an ogre
  4368 | D:6      | Noticed an orc warrior
  4419 | D:6      | Hit by a javelin of penetration thrown by an orc warrior

Skill      XL: |  1  2  3  4  5 |
---------------+----------------+-----
Unarmed Combat | 2 3 |  3.0
Stealth        | 5 8 9 |  9.1
Dodging        | |  2.6
Spellcasting   | |  2.0
Hexes          | |  4.4
Ice Magic      | |  0.1

Action                   |  1- 3 |  4- 6 || total
-------------------------+-------+-------++-------
Melee: Unarmed           |    65 |   122 ||   187
       Bite              |     2 |     7 ||     9
       Punch             |     1 |     2 ||     3
       Headbutt          |       |     9 ||     9
 Cast: Corona            |     5 |     1 ||     6
       Ensorcelled Hiber |    10 |    20 ||    30
       Confuse           |       |    11 ||    11
  Use: Scroll            |       |     7 ||     7
       Potion            |       |     4 ||     4
 Stab: Sleeping          |    19 |    24 ||    43
       Confused          |       |     4 ||     4
  Eat: Chunk             |     3 |     2 ||     5
       Ration            |       |     1 ||     1
Armor: Skin              |     2 |    18 ||    20
Dodge: Dodged            |    38 |    96 ||   134
